 Dungeon Crawl Stone Soup version 0.30-a0-1114-gd936c97349 (webtiles) character file.

Game seed: 16149242885399672180

86 NateTC the Poker (level 4, 0/37 HPs)
             Began as a Merfolk Fighter on Apr 20, 2023.
             Slain by an iguana (7 damage)
             ... on level 2 of the Dungeon.
             The game lasted 00:03:34 (1569 turns).

NateTC the Poker (Merfolk Fighter)                  Turns: 1569, Time: 00:03:35

Health: 0/37       AC:  6    Str: 18    XL:     4   Next: 49%
Magic:  4/4        EV:  9    Int:  7    God:
Gold:   87         SH:  5    Dex: 13    Spells: 3/3 levels left

rFire   . . .      SeeInvis .    a - +1 trident
rCold   . . .      Faith    .    c - +0 buckler
rNeg    . . .      Spirit   .    b - +0 scale mail
rPois   .          Reflect  .    (no helmet)
rElec   .          Rampage  .    (no cloak)
rCorr   .                        (no gloves)
Will    .....                    (no boots) Stlth
                                 (no amulet)
HPRegen 0.26/turn                (no ring)
MPRegen 0.09/turn                (no ring)

@: no status effects
A: (nimble swimmer 2), mertail
a: no special abilities


You were on level 2 of the Dungeon.
You visited 1 branch of the dungeon, and saw 3 of its levels.

You collected 87 gold pieces.

Inventory:

Hand Weapons
 a - a +1 trident (weapon)
Missiles
 l - a throwing net (quivered)
Armour
 b - a +0 scale mail (worn)
 c - a +0 buckler (worn)
Scrolls
 g - a scroll of noise {unknown}
 h - a scroll of poison {unknown}
 m - a scroll of identify
 o - a scroll of fear {unknown}
Potions
 d - a potion of might
 e - a potion of curing
 f - a potion of flight {unknown}
 i - a potion of invisibility {unknown}
 j - a potion of mutation {unknown}
 k - a potion of brilliance {unknown}
 n - a potion of degeneration {unknown}


   Skills:
 + Level 4.0 Fighting
 * Level 4.7 Polearms
 - Level 2.1 Armour
 + Level 3.6 Shields


You had 3 spell levels left.
You didn't know any spells.
Your spell library contained the following spells:

 Spells                   Type           Power      Damage    Failure   Level
 Vhi's Electric Charge    Tloc/Air       0%         N/A       99%         3
 Arcjolt                  Conj/Air       0%         1d10      100%        5
 Plasma Beam              Fire/Air       0%         2x1d11    100%        6


Dungeon Overview and Level Annotations

Branches:
Dungeon (3/15) Zot: 16406

Altars:

Shops:
D:2 *


Innate Abilities, Weirdness & Mutations

((You are very nimble when in or above water. (Stealth+, EV+, Speed+++)))
Your lower body shifts to a powerful aquatic tail in water.


Message History

The kobold hits you but does no damage.
You hit the kobold.
You kill the kobold!
Things that are here:
a +0 short sword; 2 stones; a kobold corpse You closely miss the iguana.
The iguana bites you!
You hit the iguana.
The iguana is lightly wounded.
The iguana bites you! The iguana bites you.
You are too injured to fight recklessly!
You are too injured to fight recklessly!
You are too injured to fight recklessly!
The iguana attacks as you move away! The iguana bites you.
You barely miss the iguana.
The iguana is lightly wounded.
You block the iguana's attack.
You hit the iguana.
The iguana is moderately wounded.
The iguana bites you but does no damage.
You hit the iguana.
The iguana is severely wounded.
The iguana bites you.
* * * LOW HITPOINT WARNING * * *
You closely miss the iguana.
The iguana is severely wounded.
The iguana bites you.
* * * LOW HITPOINT WARNING * * *
You hit the iguana.
The iguana is severely wounded.
The iguana barely misses you.
You closely miss the iguana.
The iguana is severely wounded.
You block the iguana's attack.
You hit the iguana.
The iguana is severely wounded.
The iguana bites you but does no damage.
You barely miss the iguana.
The iguana is severely wounded.
The iguana bites you!
You die...

###.#.####.## #.#
.........#..## #.#
...........#.###)#
..........###.##.#########
....†.##.#####.........>.#
#.###.##....#..#.#######.#
.## ##.#.....#.#.# #.# ##
##...<..#.#.# #.# #
#.......>.@# #.# ##
##########l# #.#### .##
### #....# #....# ..###.#
#.)### ####.# ......#
#..####### #.# #######
#..#.....# #.# #.######.#
#.# .. #.# #.# #.. #.# #†#


You could see an iguana.

Vanquished Creatures
  4 adders
  A worm (D:2)
  A dart slug (D:2)
  5 ball pythons
  2 bats (D:1)
  10 endoplasms
  A giant cockroach (D:2)
  6 goblins
  5 hobgoblins
  A quokka (D:1)
  2 frilled lizards
  3 kobolds
  4 rats
45 creatures vanquished.

Notes
Turn   | Place    | Note
-------+----------+-------------------------------------------
     0 | D:1      | NateTC the Merfolk Fighter began the quest for the Orb.
     0 | D:1      | Reached XP level 1. HP: 18/18 MP: 1/1
   187 | D:1      | Reached XP level 2. HP: 24/24 MP: 2/2
   543 | D:1      | Reached XP level 3. HP: 29/29 MP: 3/3
   916 | D:2      | You fall into a shaft and drop 1 floor!
   963 | D:2      | Found Jyrhesh's General Store.
  1195 | D:2      | Reached XP level 4. HP: 37/37 MP: 4/4
  1569 | D:2      | Slain by an iguana

Illustrated notes

Levels and vault maps discovered:
D:1:      kennysheep_arrival_forest, layout_loops_ring, minmay_strange_pillars
D:2:      minmay_angry_zag, layout_loops_ring, serial_shops,
          nicolae_shop_rolling_square
D:3:      layout_loops_ring, nicolae_qazlal_style_of_elements,
          grunt_temple_overflow_open

Skill      XL: |  1  2  3  4 |
---------------+-------------+-----
Polearms       | 3 4 |  4.7
Fighting       | 4 |  4.0
Armour         | |  2.1
Shields        | |  3.6

Action                     |  1- 3 |  4- 6 || total
---------------------------+-------+-------++-------
  Melee: Trident           |   107 |    54 ||   161
    Use: Scroll            |     3 |       ||     3
 Armour: Scale mail        |    28 |    14 ||    42
  Dodge: Dodged            |    25 |    12 ||    37
  Block: Buckler           |    16 |     7 ||    23

Table legend: (Time is in decaauts)
 A = Elapsed time spent in this place.
 B = Non-inter-level travel time spent in this place.
 C = Inter-level travel time spent in this place.
 D = Time resting spent in this place.
 E = Time spent auto-exploring this place.
 F = Levels seen in this place.
 G = Mean time per level.
                   A        B        C        D        E       F      G
               +--------+--------+--------+--------+--------+-----+--------+
         Total |   1592 |   1584 |      8 |    109 |   1094 |   3 |  530.7 |
       Dungeon |   1592 |   1584 |      8 |    109 |   1094 |   3 |  530.7 |
               +--------+--------+--------+--------+--------+-----+--------+

Top non-repeatable levels by time:
     D:1: 779 daAuts
     D:2: 778 daAuts
     D:3: 33 daAuts
